 Dungeon Crawl Stone Soup version 0.31.0 (webtiles) character file.

Game seed: 11823081535711654919

112 qw the Shooter (level 4, 0/28 HPs)
             Began as a Gargoyle Hunter on Jan 19, 2024.
             Incinerated by a bombardier beetle (6 damage)
             ... with a burning spray
             ... on level 4 of the Dungeon.
             The game lasted 00:00:09 (2237 turns).

qw the Shooter (Gargoyle Hunter)                    Turns: 2237, Time: 00:00:09

Health: 0/28       AC: 12    Str: 14    XL:     4   Next: 95%
Magic:  4/4        EV: 11    Int: 10    God:
Gold:   797        SH:  0    Dex: 15    Spells: 3/3 levels left

rFire   . . .        a - +0 shortbow
rCold   . . .        (shield currently unavailable)
rNeg    + . .        i - +0 ring mail
rPois   inf          (no helmet)
rElec   +            (no cloak)
rCorr   .            (no gloves)
SInv    .            f - +2 pair of boots
Will    .....        (no amulet)
Stlth   +            (no ring)
HPRegen 0.24/turn    (no ring)
MPRegen 0.09/turn

%: no passive effects
@: on fire, glowing
A: sickness immunity, AC +3, negative energy resistance 1, electricity
resistance, torment resistance 1, petrification resistance
a: no special abilities


You were on level 4 of the Dungeon.
You visited 1 branch of the dungeon, and saw 4 of its levels.

You collected 797 gold pieces.


Innate Abilities, Weirdness & Mutations

You are immune to sickness and miasma.
Your stone body is resilient. (AC +3)
You are immune to poison.
You resist negative energy. (rN+)
You are resistant to electric shocks. (rElec)
You are resistant to unholy torment.
You are immune to petrification.


   Skills:
 - Level 3.0 Fighting
 + Level 5.3 Ranged Weapons
 - Level 1.9 Armour
 - Level 1.5 Dodging
 - Level 1.1 Stealth


You had 3 spell levels left.
You didn't know any spells.
Your spell library was empty.

Inventory:

Hand Weapons
 a - a +0 shortbow (weapon)
Armour
 f - a +2 pair of boots (worn)
 i - a +0 ring mail (worn)
Wands
 e - a wand of polymorph (5)
Scrolls
 d - a scroll of teleportation
Potions
 b - a potion of enlightenment {unknown}
 g - a potion of haste

Dungeon Overview and Level Annotations

Branches:
Dungeon (4/15)
 Temple: D:4-7

Altars:
Qazlal
Vehumet
Yredelemnul

Shops:
D:1 [

Annotations:
D:4 Edmund


Message History

You hear the slow hiss of a very distant avalanche of sand.
A bombardier beetle comes into view.
You shoot an arrow.
The arrow hits the bombardier beetle but does no damage.
You shoot an arrow. The arrow hits the bombardier beetle.
The bombardier beetle is moderately wounded.
The bombardier beetle bites you but does no damage.
You shoot an arrow.
The arrow barely misses the bombardier beetle.
The bombardier beetle sprays incendiary fluid at you.
The burning spray misses you.
You shoot an arrow. The arrow hits the bombardier beetle.
The bombardier beetle is severely wounded.
You shoot an arrow. The arrow hits the bombardier beetle.
The bombardier beetle is severely wounded.
The bombardier beetle sprays incendiary fluid at you.
The burning spray hits you.
You are covered in liquid fire!
You shoot an arrow.
The arrow hits the bombardier beetle but does no damage.
The bombardier beetle is severely wounded.
The liquid fire burns you!
The bombardier beetle sprays incendiary fluid at you.
The burning spray hits you.
You are even more covered in liquid fire!
You shoot an arrow. The arrow hits the bombardier beetle.
You kill the bombardier beetle!
The liquid fire burns you!
Your Armour skill increases to level 1!
You are on fire!
The liquid fire burns you!
You are on fire!
The liquid fire burns you!
You are on fire!
The liquid fire burns you!
You are on fire!
The liquid fire burns you!
You are on fire!
The liquid fire burns you!
You die...

.... # ... #.# #.#.. ##
### ###.# #.#..
#.###.#.###.##.###...#
##...#.#...##...##.#.#
.##..8.#8#(8...#.#.#.#..
.......#.#...........#..
#@#.#....#.#.#.#..
#####.......##.#..
#.....####........
#.).##### ##.##.#.. ##
#....... #..##### ##..
#.#. .#..


There were no monsters in sight!

Vanquished Creatures
  A bombardier beetle (D:4)
  2 adders
  A dart slug (D:2)
  2 orcs (D:3)
  9 bats
  5 endoplasms (D:1)
  A giant cockroach (D:1)
  4 hobgoblins
  3 quokkas
  3 ball pythons
  A frilled lizard (D:1)
  6 goblins
  9 kobolds
  9 rats
56 creatures vanquished.

Notes
Turn   | Place    | Note
-------+----------+-------------------------------------------
     0 | D:1      | qw the Gargoyle Hunter began the quest for the Orb.
     0 | D:1      | Reached XP level 1. HP: 12/12 MP: 1/1
     0 | D:1      | 0 ||| qw: Version: 0.3-a-132-g3d54051
     0 | D:1      | 0 ||| qw: Game counter: 227
     0 | D:1      | 0 ||| qw: Melee chars always use a shield: true
     0 | D:1      | 0 ||| qw: God list: Okawaru
     0 | D:1      | 0 ||| qw: Allow faded altars: false
     0 | D:1      | 0 ||| qw: Do Orc after clearing Dungeon:15 true
     0 | D:1      | 0 ||| qw: Do second Lair branch before Depths: true
     0 | D:1      | 0 ||| qw: Lair rune preference: random
     0 | D:1      | 0 ||| qw: Goals: Normal
     0 | D:1      | 0 ||| PLANNING D:1-11
   241 | D:1      | Reached XP level 2. HP: 17/17 MP: 2/2
   393 | D:1      | 393 ||| RETREEEEATING.
   396 | D:1      | 396 ||| RETREEEEATING.
   401 | D:1      | HP: 4/17 [goblin/+0 club (3)]
   417 | D:1      | Reached XP level 3. HP: 7/21 MP: 3/3
   579 | D:1      | Reached skill level 5 in Ranged Weapons
   678 | D:1      | Found Myuqij's Antique Armour Emporium.
   693 | D:1      | 693 ||| SHOPLISTING masterwork swamp dragon scales (1595
                  | gold, have 20).
   693 | D:1      | 693 ||| SHOPLISTING ring mail (116 gold, have 20).
   863 | D:1      | 863 ||| DROPPING ring of wizardry.
   864 | D:1      | 864 ||| READING 3 scrolls labelled NUISKELOJ.
   869 | D:1      | 869 ||| READING scroll labelled HYX CORCHENISI.
   870 | D:1      | 870 ||| READING scroll labelled NUULUD SECE.
   871 | D:1      | 871 ||| READING scroll labelled ICOAD EJIARRIA.
   871 | D:1      | 871 ||| IDENTIFYING bubbling yellow potion
   872 | D:1      | 872 ||| DRINKING 2 fuming emerald potions.
   873 | D:1      | 873 ||| DROPPING scroll of butterflies.
   874 | D:1      | 874 ||| DROPPING potion of berserk rage.
  1359 | D:2      | Reached skill level 3 in Fighting
  1464 | D:2      | 1464 ||| DROPPING ring of magical power.
  1465 | D:2      | 1465 ||| READING 3 scrolls of identify.
  1465 | D:2      | 1465 ||| IDENTIFYING red potion
  1466 | D:2      | 1466 ||| READING 2 scrolls of identify.
  1466 | D:2      | 1466 ||| IDENTIFYING 2 dark potions
  1467 | D:2      | 1467 ||| READING scroll of identify.
  1467 | D:2      | 1467 ||| IDENTIFYING 2 purple potions
  1468 | D:2      | 1468 ||| READING 2 scrolls labelled WUEPHI DIQURAIV.
  1469 | D:2      | 1469 ||| READING scroll labelled ADOUTU HETU.
  1469 | D:2      | Identified a scroll of acquirement
  1469 | D:2      | 1469 ||| ACQUIRING 706 gold pieces
  1469 | D:2      | Acquired 706 gold pieces
  1471 | D:2      | 1471 ||| READING scroll labelled YTAOM ARUONTI.
  1472 | D:2      | 1472 ||| DROPPING scroll of amnesia.
  1473 | D:2      | 1473 ||| DROPPING potion of magic.
  1474 | D:2      | 1474 ||| DROPPING 2 potions of attraction.
  1475 | D:2      | 1475 ||| DROPPING 2 potions of degeneration.
  1495 | D:3      | Found a radiant altar of Vehumet.
  1529 | D:3      | Reached XP level 4. HP: 28/28 MP: 4/4
  1701 | D:3      | Found a basalt altar of Yredelemnul.
  1946 | D:3      | Found a stormy altar of Qazlal.
  2045 | D:3      | 2045 ||| UPGRADING to +2 pair of boots.
  2050 | D:3      | 2050 ||| UPGRADING to +0 ring mail.
  2060 | D:3      | 2060 ||| DROPPING +0 leather armour.
  2061 | D:3      | 2061 ||| READING scroll labelled OSOCHOENUR.
  2061 | D:3      | 2061 ||| ENCHANTING +0 shortbow.
  2062 | D:3      | 2062 ||| DRINKING 2 yellow potions.
  2071 | D:4      | 2071 ||| PLANNING OSSUARY
  2079 | D:4      | Noticed Edmund
  2091 | D:4      | HP: 2/28 [Edmund/+2 flail of venom (6)]
  2092 | D:4      | 2092 ||| READING 2 scrolls of teleportation.
  2093 | D:4      | 2093 ||| DRINKING potion of heal wounds.
  2233 | D:4      | Reached skill level 1 in Armour
  2236 | D:4      | HP: 5/28 [burnt (3)]
  2237 | D:4      | Incinerated by a bombardier beetle

Levels and vault maps discovered:
D:1:      dpeg_arrival_three_same_balls, layout_basic, serial_shops,
          nicolae_shop_window_shopping, minmay_indecisive_spiral
D:2:      layout_basic
D:3:      layout_loops_cross, grunt_qazlal_clouds,
          mainiacjoe_overflow_catch_the_wave
D:4:      minmay_opposing_rooms, layout_loops_ring,
          mainiacjoe_overflow_cross_hatched, nicolae_ossuary_entry_plus,
          nicolae_twisty_statue_hallways, uniq_ijyb, uniq_edmund

Skill      XL: |  1  2  3  4 |
---------------+-------------+-----
Ranged Weapons | 5 |  5.3
Fighting       | 3 |  3.0
Armour         | 1 |  1.9
Dodging        | |  1.5
Stealth        | |  1.1

Action                     |  1- 3 |  4- 6 || total
---------------------------+-------+-------++-------
   Fire: Shortbow          |   139 |    45 ||   184
    Use: Scroll            |    10 |     2 ||    12
         Potion            |     1 |     2 ||     3
 Armour: Leather armour    |    42 |     2 ||    44
         Ring mail         |       |    12 ||    12
  Dodge: Dodged            |    42 |     9 ||    51

Table legend:
 A = Non-vault XP
 B = Vault XP
 C = Vault XP percentage of total XP
 D = Non-vault monster count
 E = Vault monster count
 F = Vault count percentage of total count
                 A         B        C        D         E       F
            +---------+---------+-------+---------+---------+-------
      Total |     155 |       6 |   3.7 |      52 |       4 |   7.1
            +---------+---------+-------+---------+---------+-------
        D:1 |      40 |       6 |  13.0 |      28 |       4 |  12.5
        D:2 |      30 |       0 |   0.0 |      10 |       0 |   0.0
        D:3 |      35 |       0 |   0.0 |      12 |       0 |   0.0
        D:4 |      50 |       0 |   0.0 |       2 |       0 |   0.0
            +---------+---------+-------+---------+---------+-------
